 Dungeon Crawl Stone Soup version 0.18-a0-1202-g796ae12 (webtiles) character file.

11955 Arkorax the Fighter (level 12, -12/103 HPs)
             Began as a Formicid Gladiator on Jan 31, 2016.
             Was an Elder of Dithmenos.
             Mangled by an eight-headed hydra (13 damage)
             ... on level 1 of the Lair of Beasts.
             The game lasted 00:17:26 (11689 turns).

Arkorax the Fighter (Formicid Gladiator)           Turns: 11689, Time: 00:17:27

Health: -12/103    AC:  8    Str: 25    XL:     12   Next: 14%
Magic:  21/21      EV: 13    Int:  8    God:    Dithmenos [****..]
Gold:   633        SH:  7    Dex: 19    Spells: 0 memorised, 11 levels left

rFire  . . .     SeeInvis +     a - +0 quarterstaff
rCold  . . .     Gourm    .     D - +1 leather armour of the Bulwark {MR+ Str+3 Stlth+}
rNeg   . . .     Faith    .     r - +1 buckler
rPois  .         Spirit   .     (helmet unavailable)
rElec  .         Dismiss  .     w - +0 cloak
rCorr  .         Reflect  .     v - +0 pair of gloves
SustAt .         Harm     .     x - +1 pair of boots
MR     ++...                    E - amulet of regeneration
Stlth  ++++++++..               d - ring of magical power
                                b - +5 ring of dexterity

@: wreathed by umbra, very resistant to hostile enchantments, extraordinarily
stealthy
A: permanent stasis, dig shafts and tunnels, four strong arms, antennae 3
a: Dig, Shaft Self, Shadow Step, Renounce Religion


You were on level 1 of the Lair of Beasts.
You worshipped Dithmenos.
Dithmenos was greatly pleased with you.
You were not hungry.

You visited 2 branches of the dungeon, and saw 11 of its levels.

You collected 633 gold pieces.

Inventory:

Hand Weapons
 a - a +0 quarterstaff (weapon)
Missiles
 c - 4 throwing nets (quivered)
Armour
 r - a +1 buckler (worn)
 v - a +0 pair of gloves (worn)
 w - a +0 cloak (worn)
 x - a +1 pair of boots (worn)
 D - the +1 leather armour of the Bulwark (worn) {MR+ Str+3 Stlth+}
   (You found it on level 5 of the Dungeon)

   It affects your strength (+3).
   It affects your resistance to hostile enchantments.
   It makes you more stealthy.
 H - the +0 scale mail "Gidoci Pulo" {*Confuse rCorr Int+3 SInv}
   (You found it on level 6 of the Dungeon)

   It affects your intelligence (+3).
   It lets you see invisible.
   It protects you from acid and corrosion.
   It may confuse you when you take damage.
Jewellery
 b - a +5 ring of dexterity (left hand)
 d - a ring of magical power (right hand)
 f - a +5 ring of intelligence
 i - an uncursed ring of magical power
 j - an uncursed ring of loudness
 p - a +3 amulet of reflection
 C - an uncursed ring of protection from cold {unknown}
 E - an amulet of regeneration (around neck)
 G - an uncursed ring of stealth
Wands
 q - a wand of flame (48/48)
 M - a wand of enslavement (5/24)
Scrolls
 e - a scroll of identify
 h - 3 scrolls of remove curse
 m - 2 scrolls of amnesia
 t - 2 scrolls of fog
Potions
 k - a potion of haste
 o - a potion of heal wounds
 s - 2 potions of lignification
 u - 4 potions of brilliance
 A - a potion of flight
 I - a potion of poison
 L - a potion of magic
Books
 g - a book of Flames

   Spells                             Type                      Level
   a - Flame Tongue                   Conjuration/Fire             1
   b - Throw Flame                    Conjuration/Fire             2
   c - Conjure Flame                  Conjuration/Fire             3
   d - Inner Flame                    Hexes/Fire                   3
   e - Sticky Flame                   Conjuration/Fire             4
   f - Fireball                       Conjuration/Fire             5
   Dithmenos disapproves of the use of such an item.
 n - a book of Cantrips

   Spells                             Type                      Level
   a - Corona                         Hexes                        1
   b - Animate Skeleton               Necromancy                   1
   c - Summon Small Mammal            Summoning                    1
   d - Apportation                    Translocation                1
 y - a Young Poisoner's Handbook

   Spells                             Type                      Level
   a - Sting                          Conjuration/Poison           1
   b - Cure Poison                    Poison                       2
   c - Mephitic Cloud                 Conjuration/Poison/Air       3
   d - Olgreb's Toxic Radiance        Poison                       4
   e - Venom Bolt                     Conjuration/Poison           5
 z - a book of Alchemy

   Spells                             Type                      Level
   a - Sublimation of Blood           Necromancy                   2
   b - Ignite Poison                  Fire/Transmutation/Poison    3
   c - Condensation Shield            Ice                          4
   d - Petrify                        Transmutation/Earth          4
   e - Alistair's Intoxication        Transmutation/Poison         5
   f - Irradiate                      Conjuration/Transmutation    5
Miscellaneous
 K - a phial of floods (inert)
Comestibles
 l - 2 chunks of flesh
 B - 3 slices of pizza
 J - 4 fruits


   Skills:
 * Level 12.6 Fighting
 * Level 12.0 Staves
 - Level 2.0 Throwing
 - Level 2.6 Dodging
 + Level 9.4 Stealth
 - Level 4.3 Shields


You had 11 spell levels left.
You didn't know any spells.

Dungeon Overview and Level Annotations

Branches:
Dungeon (10/15)            Temple (0/1) D:6            Lair (1/8) D:8
    Orc (0/2) D:10

Altars:
Dithmenos
Nemelex Xobeh
Vehumet


Innate Abilities, Weirdness & Mutations

You are under a permanent stasis effect.
You can dig through walls and to a lower floor.
Your four strong arms can wield two-handed weapons with a shield.
You have a pair of large antennae on your head (SInv).


Message History

You block the eight-headed hydra's attack.
The eight-headed hydra bites you!
* * * LOW HITPOINT WARNING * * *
The eight-headed hydra completely misses you.
The eight-headed hydra bites you but does no damage.
A komodo dragon comes into view.
Drink which item? (? for menu, Esc to quit)
Okay, then.
Okay, then.
Aiming: Shadow Step
Press: ? - help, Dir - move target cursor There isn't a shadow there.
Okay, then.
The eight-headed hydra bites you.
* * * LOW HITPOINT WARNING * * *
The eight-headed hydra bites you!
* * * LOW HITPOINT WARNING * * *
The eight-headed hydra closely misses you.
The eight-headed hydra bites you!
You die...

##.......##....#....# ##
#........##.........# ###P
##.......##...##....## #...
##.......##...##....P####...
#.............##..........#(
##.......##......####.##..##
##P....####.....# #######
##...(....D....##
#....#..@.####.#
#..P.#......####
##.##........# #..........##
#..........# #.##......l#
#####......# ########


You could see an eight-headed hydra and a komodo dragon (wandering).

Vanquished Creatures
  An elephant (D:8)
  2 spiny frogs (Lair:1)
  4 komodo dragons (Lair:1)
  Sigmund (D:6)
  23 yaks
  A hungry ghost (D:7)
  A hippogriff (D:8)
  3 water moccasins (Lair:1)
  A porcupine (Lair:1)
  An ice beast (D:7)
  A black bear (D:7)
  6 orc warriors
  A necrophage (D:7)
  4 sky beasts
  A wasp (D:10)
  7 ogres
  3 phantoms
  3 centaurs (D:8)
  3 crocodiles
  The ghost of runewalsh the Sneak, an amateur OpIE (D:3)
  A big kobold (D:7)
  5 giant frogs
  Blork the orc (D:6)
  A wyvern zombie (D:8)
  A scorpion (D:7)
  18 killer bees
  A jelly (D:8)
  5 wights (D:8)
  3 giant frog zombies
  3 crimson imps
  4 orc priests
  6 orc wizards
  2 giant frog skeletons (D:6)
  3 hounds
  2 centaur skeletons
  Natasha (twice) (D:2)
  Terence (D:2)
  11 iguanas
  4 worker ants
  A hound zombie (D:8)
  9 adders
  3 gnolls (D:9)
  8 river rats (Lair:1)
  4 shadow imps
  2 oozes
  A worm (D:3)
  A giant gecko (D:2)
  48 orcs
  11 bats
  8 giant cockroaches
  5 goblins
  5 hobgoblins
  14 jackals
  15 kobolds
  3 quokkas
  7 giant newts
  4 rats
291 creatures vanquished.

Vanquished Creatures (collateral kills)
  A killer bee (D:9)
1 creature vanquished.

Vanquished Creatures (others)
  A centaur (D:7)
  An orc priest (D:6)
  An orc wizard (D:6)
  A giant gecko (D:6)
  An orc (D:6)
  2 plants (Lair:1)
7 creatures vanquished.

Grand Total: 299 creatures vanquished

Notes
Turn   | Place    | Note
--------------------------------------------------------------
     0 | D:1      | Arkorax the Formicid Gladiator began the quest for the Orb.
     0 | D:1      | Reached XP level 1. HP: 16/16 MP: 1/1
    58 | D:1      | Reached XP level 2. HP: 13/23 MP: 2/2
   685 | D:1      | Reached XP level 3. HP: 27/29 MP: 3/3
  1455 | D:2      | Reached XP level 4. HP: 30/35 MP: 4/4
  1502 | D:2      | Noticed Terence
  1522 | D:2      | Killed Terence
  1522 | D:2      | Reached skill level 4 in Staves
  1522 | D:2      | Reached skill level 1 in Shields
  1737 | D:2      | Noticed Natasha
  1808 | D:2      | Killed Natasha
  1808 | D:2      | Reached XP level 5. HP: 22/42 MP: 5/5
  2051 | D:2      | Noticed Natasha
  2066 | D:2      | Killed Natasha
  2313 | D:3      | Noticed an ogre
  2319 | D:3      | Killed an ogre
  2319 | D:3      | Reached XP level 6. HP: 47/49 MP: 6/6
  2328 | D:3      | Noticed runewalsh's ghost (amateur OpIE)
  2555 | D:3      | Reached skill level 5 in Fighting
  2555 | D:3      | Reached skill level 5 in Staves
  2794 | D:3      | Killed runewalsh's ghost
  2794 | D:3      | Reached XP level 7. HP: 48/56 MP: 7/7
  3648 | D:4      | Found a radiant altar of Vehumet.
  3809 | D:4      | Found a shadowy altar of Dithmenos.
  3893 | D:4      | Became a worshipper of Dithmenos the Shadowed
  3908 | D:5      | Entered Level 5 of the Dungeon
  3952 | D:5      | Got a fine leather armour
  3963 | D:5      | Identified the +1 leather armour of the Bulwark {MR+ Str+3 Stlth+} (You found it on level 5 of the Dungeon)
  3987 | D:5      | Reached skill level 6 in Fighting
  4002 | D:5      | Reached XP level 8. HP: 56/64 MP: 8/8
  4386 | D:6      | Noticed Sigmund
  4388 | D:6      | Got a steaming scale mail
  4410 | D:5      | Identified the +0 scale mail "Gidoci Pulo" {*Confuse rCorr Int+3 SInv} (You found it on level 6 of the Dungeon)
  4434 | D:6      | Killed Sigmund
  4546 | D:6      | Reached skill level 7 in Fighting
  4628 | D:6      | Reached skill level 1 in Stealth
  4817 | D:6      | Noticed Blork the orc
  4832 | D:6      | Killed Blork the orc
  4832 | D:6      | Reached XP level 9. HP: 54/72 MP: 9/9
  4958 | D:6      | Found a staircase to the Ecumenical Temple.
  5025 | D:7      | Reached * piety under Dithmenos
  5025 | D:7      | Reached skill level 8 in Fighting
  6005 | D:7      | Reached skill level 9 in Fighting
  6200 | D:8      | Reached skill level 5 in Stealth
  6206 | D:8      | Reached XP level 10. HP: 57/83 MP: 10/10
  6382 | D:8      | Reached ** piety under Dithmenos
  6505 | D:8      | Found a staircase to the Lair.
  6505 | D:8      | Noticed an elephant
  6669 | D:8      | Reached skill level 10 in Fighting
  6688 | D:8      | Killed an elephant
  7230 | D:8      | Reached skill level 10 in Staves
  7953 | D:9      | Reached *** piety under Dithmenos
  8235 | D:9      | Found a sparkling altar of Nemelex Xobeh.
  8497 | D:10     | Entered Level 10 of the Dungeon
  8593 | D:10     | Reached XP level 11. HP: 92/92 MP: 11/11
  8736 | D:10     | Reached skill level 11 in Fighting
  9216 | D:10     | Found a staircase to the Orcish Mines.
 10269 | Lair:1   | Entered Level 1 of the Lair of Beasts
 10545 | Lair:1   | Reached **** piety under Dithmenos
 10594 | Lair:1   | Reached skill level 12 in Fighting
 11067 | Lair:1   | HP: 4/96 [poisoned by a water moccasin]
 11226 | Lair:1   | Reached XP level 12. HP: 46/103 MP: 12/12
 11626 | Lair:1   | Noticed an eight-headed hydra
 11689 | Lair:1   | HP: 1/103 [eight-headed hydra (12)]
 11689 | Lair:1   | Mangled by an eight-headed hydra

Vault maps used:
D:1:      dpeg_arrival_court, kennysheep_decorative_pillar,
          minmay_misc_feat_columns, minmay_surrounded
D:2:      uniq_natasha, uniq_terence
D:4:      kennysheep_little_box, first_bread, grunt_dithmenos_shadows
D:5:      serial_curves, eino_curves_02, eino_curves_02, eino_curves_03,
          eino_curves_01
D:6:      lemuel_temple_firewalk_marked, hangedman_decor_riveting,
          uniq_blork_the_orc, uniq_sigmund
D:7:      serial_glass, glass_columns_c, glass_columns_a
D:8:      david_lair_generic, enter_bailey_2, kennysheep_kite_vault
D:9:      nemelex_xobeh_ov_fountains_minmay
D:10:     orc_0_dummy
Lair:1:   beast_lair_carwin_large_3, grunt_megastairs_5

Action                   |  1- 3 |  4- 6 |  7- 9 | 10-12 || total
-------------------------+-------+-------+-------+-------++-------
Melee: Quarterstaff      |    99 |   156 |   300 |   792 ||  1347
Throw: Throwing net      |       |     2 |     1 |     1 ||     4
 Abil: Dig               |       |       |     1 |    10 ||    11
Evoke: Phial of floods   |       |       |       |     1 ||     1
  Use: Potion            |       |     3 |       |    14 ||    17
       Scroll            |       |       |     3 |    17 ||    20
 Stab: Held in net/web   |       |     3 |       |       ||     3
       Sleeping          |       |       |     3 |    21 ||    24
       Distracted        |       |       |     1 |     2 ||     3
       Invisible         |       |       |       |     2 ||     2
  Eat: Chunk             |     2 |       |     1 |     5 ||     8
       Bread ration      |       |     1 |     2 |       ||     3
       Meat ration       |       |       |     1 |     3 ||     4
